 Dungeon Crawl Stone Soup version 0.30.2 (webtiles) character file.

Game seed: 1000365013812753839

64 porpoise the Cudgeller (level 4, 0/27 HPs)
             Began as a Gargoyle Gladiator on Feb 5, 2024.
             Slain by an orc
             ... wielding a +0 hand axe
              (5 damage)
             ... on level 3 of the Dungeon.
             The game lasted 00:08:11 (1899 turns).

porpoise the Cudgeller (Gargoyle Gladiator)         Turns: 1899, Time: 00:08:12

Health: 0/27       AC:  7    Str: 20    XL:     4   Next: 12%
Magic:  4/4        EV: 12    Int:  8    God:
Gold:   107        SH:  0    Dex: 17    Spells: 3/3 levels left

rFire   . . .        a - +0 flail
rCold   . . .        (no shield)
rNeg    + . .        b - +0 leather armour
rPois   ∞            c - +0 helmet
rElec   +            (no cloak)
rCorr   .            (no gloves)
SInv    .            (no boots)
Will    .....        (no amulet)
Stlth   +            f - +6 ring of dexterity
HPRegen 0.24/turn    (no ring)
MPRegen 0.09/turn

%: no passive effects
@: confused
A: sickness immunity, AC +3, negative energy resistance 1, electricity
resistance, torment resistance 1, petrification resistance
a: no special abilities


You were on level 3 of the Dungeon.
You visited 1 branch of the dungeon, and saw 3 of its levels.

You collected 107 gold pieces.

Inventory:

Hand Weapons
 a - a +0 flail (weapon)
Missiles
 d - 3 throwing nets (quivered)
 e - 6 javelins
Armour
 b - a +0 leather armour (worn)
 c - a +0 helmet (worn)
Jewellery
 f - a +6 ring of dexterity (left hand)
Scrolls
 g - a scroll of poison {unknown}
 l - a scroll of fog
Potions
 h - a potion of mutation {unknown}
 i - a potion of berserk rage {unknown}
 j - a potion of heal wounds {unknown}
 k - a potion of magic


   Skills:
 + Level 2.9 Fighting
 * Level 4.1 Maces & Flails
 - Level 1.7 Throwing
 - Level 2.4 Dodging
 + Level 1.9 Stealth


You had 3 spell levels left.
You didn't know any spells.
Your spell library was empty.

Dungeon Overview and Level Annotations

Branches:
Dungeon (3/15)

Altars:


Innate Abilities, Weirdness & Mutations

You are immune to sickness and miasma.
Your stone body is resilient. (AC +3)
You are immune to poison.
You resist negative energy. (rN+)
You are resistant to electric shocks. (rElec)
You are resistant to unholy torment.
You are immune to petrification.


Message History

a +0 whip; an orc corpse An orc comes into view.
It is wielding a +0 hand axe.
The orc shouts!
An orc wizard comes into view. It is wielding a +0 dagger.
The orc wizard shouts!
The orc wizard casts a spell.
The orc wizard flickers and vanishes!
Deactivating autopickup; reactivate with Ctrl-A.
You closely miss the orc. The orc hits you but does no damage.
You closely miss the orc. The orc hits you with a +0 hand axe.
You hit something but do no damage. Something hits you.
The orc barely misses you.
You closely miss something. Something hits you but does no damage.
The orc hits you but does no damage. Something hits you but does no damage.
The orc barely misses you.
You closely miss something. Something hits you.
The orc hits you but does no damage.
You miss something. Something hits you. The orc misses you.
You hit something but do no damage. Something hits you.
The orc hits you but does no damage.
You hit something but do no damage. Something hits you but does no damage.
The orc closely misses you.
You closely miss something. Something hits you.
The orc hits you but does no damage.
You barely miss something. Something hits you but does no damage.
The orc hits you with a +0 hand axe. The orc hits you but does no damage.
You hear some strange, mumbled words.
You are confused.
You closely miss something. Something barely misses you.
The orc hits you but does no damage.
You're too confused to move!
Something hits you. The orc closely misses you.
You barely miss something. Something hits you.
The orc hits you with a +0 hand axe.
* * * LOW HITPOINT WARNING * * *
It was a potion of magic.
Magic courses through your body.
You hear some strange, mumbled words.
You are more confused.
The orc hits you with a +0 hand axe.
You die...

.# .# ##. ##
#..#### #
...#####.#... #.
....##...
...####..#o#####
#........).@{..#
#.###...#...##.....
##.####........#
###
#.§§§##.##.....#
#.§§§...##.###.#
#.§§.#####.# ...
#.§§§# ..# #...
#.§§§# #.## ##.
######


You could see an orc.

Vanquished Creatures
  2 adders (D:2)
  A worm (D:2)
  An orc (D:3)
  3 endoplasms
  4 giant cockroaches (D:1)
  5 goblins
  5 hobgoblins
  6 kobolds
  4 ball pythons
  4 bats
  2 frilled lizards
  5 rats
42 creatures vanquished.

Notes
Turn   | Place    | Note
-------+----------+-------------------------------------------
     0 | D:1      | porpoise the Gargoyle Gladiator began the quest for the
                  | Orb.
     0 | D:1      | Reached XP level 1. HP: 12/12 MP: 1/1
   125 | D:1      | Reached XP level 2. HP: 18/18 MP: 2/2
   368 | D:1      | Reached skill level 1 in Stealth
   626 | D:1      | Reached XP level 3. HP: 21/22 MP: 3/3
  1000 | D:2      | Found a faded altar of an unknown god.
  1094 | D:2      | Reached skill level 4 in Maces & Flails
  1289 | D:2      | Reached XP level 4. HP: 27/27 MP: 4/4
  1899 | D:3      | Slain by an orc

Illustrated notes

Levels and vault maps discovered:
D:1:      matt_arrival_refuge, layout_rooms, minmay_worlds_worst_comb
D:2:      layout_basic, hellmonk_ecumenical_altar_crossroads
D:3:      layout_rooms, amcnicky_altar_gilded, minmay_misc_feat_secret_circle,
          minmay_unequal, uniq_ijyb

Skill      XL: |  1  2  3 |
---------------+----------+-----
Stealth        | 1 |  1.9
Maces & Flails | 4 |  4.1
Fighting       | |  2.9
Throwing       | |  1.7
Dodging        | |  2.4

Action                     |  1- 3 |  4- 6 || total
---------------------------+-------+-------++-------
  Melee: Flail             |   111 |    21 ||   132
    Use: Scroll            |       |     1 ||     1
         Potion            |       |     1 ||     1
 Armour: Leather armour    |    52 |    11 ||    63
  Dodge: Dodged            |    60 |     8 ||    68
